[Event "Late-Titled-Tuesday-Blitz-June-18-2024"]
[Site "Chess.com"]
[Date "2024.06.18"]
[Round "3"]
[White "JEHUBNER"]
[Black "laskakid"]
[Result "0-1"]
[WhiteElo "2097"]
[BlackElo "2381"]
[TimeControl "180+1"]
[EndTime "14:28:43 PDT"]
[Termination "laskakid won by resignation"]

1. e4 d6 2. d4 Nf6 3. Nc3 e5 4. dxe5 dxe5 5. Qxd8+ Kxd8 6. Nf3 Bd6 7. Bg5 Be6 8.
O-O-O Ke7 9. Nd5+ Bxd5 10. exd5 h6 11. Be3 Ng4 12. h3 Nxe3 13. fxe3 Nd7 14. e4 Nc5 15. Bd3 a5 16. Rhe1 Nxd3+ 17. Rxd3 g6 18. g4 Rac8 19. c4 f6 20. Nd2 h5 21. Rf3 hxg4 22. hxg4 Rh4 23.
Ref1 Rf8 24. g5 Rf4 25. gxf6+ R8xf6 26. Kd1 g5 27. Ke2 g4 28. Rxf4 exf4 29. Rh1 f3+ 30. Kf1 g3 31. Rh7+ Kf8 32. Rh5 g2+ 33. Kf2 Bc5+ 34. Kg3 g1=Q+ 0-1

[Event "Late-Titled-Tuesday-Blitz-June-18-2024"]
[Site "Chess.com"]
[Date "2024.06.18"]
[Round "3"]
[White "maksimys18"]
[Black "GothamChess"]
[Result "0-1"]
[WhiteElo "2489"]
[BlackElo "2719"]
[TimeControl "180+1"]
[EndTime "14:28:44 PDT"]
[Termination "GothamChess won by checkmate"]

1. d4 g6 2. Nf3 Bg7 3. c4 d6 4. Nc3 Nc6 5. Bg5 h6 6. Bh4 g5 7. Bg3 f5 8. d5 f4 9. dxc6 bxc6 10. e3 fxg3 11. hxg3 Bf5 12. Nxg5 Rb8 13. Qh5+ Kd7 14.
Nf7 Rxb2 15. Qxf5+ e6 16. Rc1 Qf8 17. Qg6 Ne7 18. Qh5 Qb8 19. Bd3 Rf8 20. O-O Qe8 21. Na4 Rxa2 22. Qd1 Qxf7 23. f4 Rb8 24. Bb1 Ra3 25.
f5 exf5 26. Bxf5+ Nxf5 27. e4 Rxg3 28. Rxf5 Qg6 29. Nc5+ Ke8 30. Qf1 Bd4+ 31. Kh2 Rg4 32. Ne6 Rh4# 0-1

[Event "Late-Titled-Tuesday-Blitz-June-18-2024"]
[Site "Chess.com"]
[Date "2024.06.18"]
[Round "3"]
[White "shirovin"]
[Black "micke12a"]
[Result "0-1"]
[WhiteElo "2117"]
[BlackElo "2384"]
[TimeControl "180+1"]
[EndTime "14:28:44 PDT"]
[Termination "micke12a won on time"]

1. e4 c5 2. Nf3 d6 3. d4 cxd4 4. Nxd4 Nf6 5. Nc3 g6 6. Be3 Bg7 7. f3 O-O 8. Qd2 Nc6 9. O-O-O Bd7 10. h4 Rc8 11. g4 Ne5 12. h5 Qa5 13. Kb1 Nxf3 14.
Nxf3 Rxc3 15. Qxc3 Qxc3 16. bxc3 Bxg4 17. Be2 Nxe4 18.
Bd2 Bxc3 19. Rh2 Bxh5 20. Rxh5 gxh5 21. Rg1+ Kh8 22. Bh6 Rc8 23. Bd3 Nf6 24. Ng5 Ng4 25. Nxf7+ Kg8 26. Nxd6 exd6 27. Bf5 Rc5 28. Bxg4 hxg4 29.
Rxg4+ Kf7 0-1

[Event "Late-Titled-Tuesday-Blitz-June-18-2024"]
[Site "Chess.com"]
[Date "2024.06.18"]
[Round "3"]
[White "Redzishchess"]
[Black "cristiano78"]
[Result "1-0"]
[WhiteElo "2448"]
[BlackElo "2218"]
[TimeControl "180+1"]
[EndTime "14:28:45 PDT"]
[Termination "Redzishchess won by checkmate"]

1. d4 Nf6 2. c4 g6 3. Nf3 Bg7 4. g3 O-O 5. Bg2 d6 6. O-O Nc6 7. Nc3 Bf5 8. Ne1 Qd7 9. e4 Bh3 10. f3 Bxg2 11. Kxg2 e5 12. d5 Ne7 13. Nc2 Nh5 14. b4 f5 15. Be3 f4 16. Bg1 fxg3 17.
hxg3 g5 18. f4 Nxf4+ 19. gxf4 exf4 20. Bd4 Ng6 21. Rh1 Nh4+ 22. Kf1 f3 23. Bxg7 Kxg7 24.
Nd4 Qg4 25. Ne6+ Kg8 26. Rh2 Ng2 27. Qd4 Rf7 28. Rd1 h5 29. Qd2 Nf4 30. Nxf4 Rxf4 31. Kf2 Raf8 32. Rg1 Qxg1+ 33. Kxg1 h4 34. Kf2 Kg7 35.
Qd4+ Kg6 36. Nd1 Kh5 37. Ne3 g4 38. Qg7 g3+ 39. Qxg3 Rxe4 40. Qg7 Rfe8 41. Qh7+ Kg5 42. Qg7+ Kh5 43. Qh7+ Kg5 44. Rxh4 Rxe3 45. Qh6+ Kf5 46.
Rf4+ Ke5 47. Qf6# 1-0

[Event "Late-Titled-Tuesday-Blitz-June-18-2024"]
[Site "Chess.com"]
[Date "2024.06.18"]
[Round "3"]
[White "scrambleyourbrain"]
[Black "marvinguevara"]
[Result "1-0"]
[WhiteElo "2390"]
[BlackElo "2144"]
[TimeControl "180+1"]
[EndTime "14:28:48 PDT"]
[Termination "scrambleyourbrain won on time"]

1. e4 c5 2. Nf3 Nc6 3. d4 cxd4 4. Nxd4 e5 5. Nb5 a6 6. Nd6+ Bxd6 7. Qxd6 Qf6 8. Qd1 Qg6 9. Qf3 Nf6 10. Bd3 Nd4 11. Qg3 Qxg3 12. hxg3 d5 13. exd5 e4 14. c3 exd3 15.
cxd4 O-O 16. Be3 Nxd5 17. Nc3 Nb4 18. O-O-O Bf5 19. a3 Nc2 20. Nd5 Rac8 21. Ne7+ Kh8 22. Nxc8 Rxc8 23. Kb1 Kg8 24. Rd2 Rc6 25. Rc1 Rb6 26.
d5 Rd6 27. Ka2 Rxd5 28. b3 Rd7 29. Kb2 h6 30. Bf4 Re7 31. g4 Bg6 32. f3 Kh7 33.
Bd6 Re6 34. Bc5 Rc6 35. Bf2 Re6 36. f4 Be4 37. g3 Re8 38. b4 Rc8 39. Bc5 f5 40.
gxf5 Bxf5 41. Rh1 Re8 42. Rhh2 Re1 43. Kc3 Ra1 44. b5 Rb1 45. bxa6 bxa6 46. Bb4 Rc1 47. Kb2 Re1 48. g4 Bg6 49. f5 Bf7 50. Rxd3 1-0

[Event "Late-Titled-Tuesday-Blitz-June-18-2024"]
[Site "Chess.com"]
[Date "2024.06.18"]
[Round "3"]
[White "imdvb6307"]
[Black "champ2005"]
[Result "0-1"]
[WhiteElo "2525"]
[BlackElo "3070"]
[TimeControl "180+1"]
[EndTime "14:28:49 PDT"]
[Termination "champ2005 won by resignation"]

1. c4 f5 2. Nf3 Nf6 3. g3 g6 4.
Bg2 Bg7 5. O-O O-O 6. d4 d6 7. c5 Ne4 8. Qb3+ Kh8 9. Nc3 Nxc3 10. Qxc3 Nc6 11. cxd6 cxd6 12. Qb3 Qb6 13. Qxb6 axb6 14. Bd2 Nxd4 15. Nxd4 Bxd4 16. Bc3 Bxc3 17. bxc3 Be6 18.
Rfb1 Bxa2 19. Rxb6 Bc4 20. Re1 Ra7 21. Rxb7 Rxb7 22.
Bxb7 Rb8 23. Bf3 Kg7 24. e4 fxe4 25. Bxe4 Kf6 26. f4 Rb2 27. Bg2 Rc2 28. Re3 h6 29.
Be4 Rd2 30. Bg2 Bd3 31. h4 Bf5 32. Bf3 h5 33. Be2 Rc2 34. Kf1 e6 35. Ke1 d5 36. Kd1 Ra2 37. Bd3 Ke7 38. Bxf5 gxf5 39. Ke1 Kd6 40. Kd1 Ra4 41. Rd3 Kc5 42. Ke2 Re4+ 43. Kf2 Kc4 44. Rf3 Kb3 45. Kf1 Kc2 46. Kf2 Kd2 47. Kf1 Re3 48. Rxe3 Kxe3 49. Kg2 Kd3 0-1

[Event "Late-Titled-Tuesday-Blitz-June-18-2024"]
[Site "Chess.com"]
[Date "2024.06.18"]
[Round "3"]
[White "djano"]
[Black "romulocardoso"]
[Result "0-1"]
[WhiteElo "2587"]
[BlackElo "2328"]
[TimeControl "180+1"]
[EndTime "14:28:50 PDT"]
[Termination "romulocardoso won by resignation"]

1. e4 c5 2. Nc3 g6 3. Bc4 Nc6 4. h4 h5 5. d3 Bg7 6. Nf3 d6 7.
Ng5 Nh6 8. Be3 Qa5 9. Bd2 O-O 10. Nd5 Qd8 11. Bc3 Nd4 12. Qd2 a6 13. a4 Bd7 14. a5 Bb5 15. Ba2 e6 16. Nf4 Qf6 17. O-O-O Qxf4 18. Kb1 Qxd2 19. Bxd2 Bf6 20. Nxe6 fxe6 21.
Bxh6 Bg7 22. Be3 Rae8 23. f3 Ba4 24. b3 Nb5 25. Kc1 Nc3 26. bxa4 Nxa2+ 27. Kd2 Bc3+ 28. Ke2 Nb4 29. Rb1 Re7 30. Bg5 Rd7 31. Rb3 Bf6 32.
Bd2 Nxc2 33. Kf2 Bd4+ 34. Kg3 Be3 35. Bc3 Nd4 36. Rb6 Ne2+ 37. Kh3 c4 38. Rb2 Nxc3 39. dxc4 Bd4 40. Rb3 Nxa4 41. Rd1 Bc5 42. e5 Rf4 43. Rd2 Rxc4 44. g3 d5 45. f4 d4 46. g4 Rc3+ 47. Rxc3 Nxc3 48. f5 exf5 49. gxf5 gxf5 50. Kg3 Ne4+ 0-1

[Event "Late-Titled-Tuesday-Blitz-June-18-2024"]
[Site "Chess.com"]
[Date "2024.06.18"]
[Round "3"]
[White "Gangster-accountant01"]
[Black "elis06"]
[Result "1-0"]
[WhiteElo "2569"]
[BlackElo "2371"]
[TimeControl "180+1"]
[EndTime "14:28:51 PDT"]
[Termination "Gangster-accountant01 won by checkmate"]

1. c4 e6 2. d4 d5 3. Nc3 Nf6 4. cxd5 exd5 5. Bg5 c6 6. e3 Be7 7. Bd3 Nbd7 8. h3 O-O 9. Qc2 h6 10. Bf4 Re8 11. Nf3 Nf8 12. O-O Ne6 13. Bg3 Bd6 14.
Ne5 Ng5 15. f4 Ne6 16. Rae1 Bd7 17. Bh4 Be7 18. Bg3 Nf8 19. Kh1 Nh5 20. Bf2 Bh4 21.
Kh2 Rc8 22. Qe2 Bxf2 23. Qxf2 Nf6 24. Qg3 a6 25. f5 c5 26. e4 cxd4 27. Nxd5 Nxd5 28.
exd5 f6 29. Ng4 Kh7 30. Rxe8 Bxe8 31. d6 Bf7 32. Re1 Rc6 33. Re7 Qxd6 34. Rxf7 Qxg3+ 35. Kxg3 Kg8 36. Re7 Rb6 37. Bc4+ Kh8 38. Re8 h5 39. Rxf8+ Kh7 40. Bg8+ Kh8 41. Bf7+ Kh7 42. Bg6# 1-0

[Event "Late-Titled-Tuesday-Blitz-June-18-2024"]
[Site "Chess.com"]
[Date "2024.06.18"]
[Round "3"]
[White "lamomiajunior"]
[Black "Tolya2"]
[Result "1-0"]
[WhiteElo "2688"]
[BlackElo "2476"]
[TimeControl "180+1"]
[EndTime "14:28:52 PDT"]
[Termination "lamomiajunior won by resignation"]

1. e4 c5 2. Nf3 d6 3. c3 Nf6 4. h3 g6 5. Bd3 Bg7 6. Bc2 O-O 7. O-O b5 8. d4 Nbd7 9. Re1 Bb7 10. a4 b4 11.
cxb4 cxb4 12. a5 Rc8 13. Bd2 d5 14. e5 Ne4 15. Bxb4 Re8 16. Nc3 e6 17. Nxe4 dxe4 18. Bxe4 Bxe4 19. Rxe4 Nb8 20. Bd6 Bf8 21. Bxf8 Rxf8 22.
Qd2 Qd5 23. Rh4 f5 24. Kh2 Nc6 25. Qh6 Rc7 26. Rc1 Rg7 27. Rc5 Qd7 28. Ng5 f4 29. Rxc6 Qxc6 30. Nxh7 Rf5 31. Ng5 Rxg5 32. Qxg5 Qd7 33.
Rxf4 Kh7 34. Qf6 a6 35. Qf8 g5 36. Rg4 Kg6 37. Qf6+ Kh7 38. f4 Qf7 39. fxg5 Qg6 40.
Qxg6+ Kxg6 41. Rf4 Rb7 42. Rf6+ Kxg5 43. Rxe6 Rxb2 44.
Rxa6 Rd2 45. Rd6 Ra2 46. a6 Kf5 47. e6 Kf6 48. d5 Ra5 49. Rd7 1-0

[Event "Late-Titled-Tuesday-Blitz-June-18-2024"]
[Site "Chess.com"]
[Date "2024.06.18"]
[Round "3"]
[White "ozates"]
[Black "TigrVShlyape"]
[Result "0-1"]
[WhiteElo "2630"]
[BlackElo "2999"]
[TimeControl "180+1"]
[EndTime "14:28:53 PDT"]
[Termination "TigrVShlyape won by resignation"]

1. e4 c5 2. Nf3 e6 3. d4 cxd4 4. Nxd4 a6 5. Nc3 b5 6. g3 Bb7 7. Bg2 Nc6 8. O-O Nxd4 9. Qxd4 Ne7 10. Re1 Nc6 11. Qd3 Ne5 12. Qe2 Rc8 13. f4 Nc4 14. a4 Bb4 15. axb5 axb5 16. Kh1 Bxc3 17. bxc3 O-O 18. Rb1 Bc6 19. Be3 Nxe3 20. Qxe3 Ra8 21. Red1 Qc7 22. Qc5 Rfc8 23. Qd4 h6 24. Ra1 Ra4 25. Rxa4 bxa4 26. Ra1 Bb5 27. Qb4 Qxc3 28.
Rb1 Qxb4 29. Rxb4 Rxc2 30. Rxb5 Rc1+ 31. Bf1 Rxf1+ 32. Kg2 Re1 33. e5 Kf8 34. Ra5 Re2+ 35.
Kf3 Ra2 36. h4 h5 37. Ke3 Ke7 38. Kf3 a3 39. Ra6 Ra1 40. Kg2 f6 41. Ra5 fxe5 42.
fxe5 Kd8 43. Ra4 Kc7 44. Kf3 Kb6 45. Kf4 Kb5 46. Ra8 Kb4 47. Kg5 Re1 48. Kxh5 Rxe5+ 49. Kg6 Ra5 50. Rb8+ Kc4 51. Rb1 a2 52. Ra1 Kb3 53.
g4 Ra4 54. Rg1 a1=Q 55. Rxa1 Rxa1 0-1

[Event "Late-Titled-Tuesday-Blitz-June-18-2024"]
[Site "Chess.com"]
[Date "2024.06.18"]
[Round "3"]
[White "CM_rui"]
[Black "LeonardoL2005"]
[Result "0-1"]
[WhiteElo "2530"]
[BlackElo "2263"]
[TimeControl "180+1"]
[EndTime "14:28:53 PDT"]
[Termination "LeonardoL2005 won by resignation"]

1. e4 c5 2. Nf3 g6 3. c4 Bg7 4. d4 cxd4 5. Nxd4 Nc6 6. Be3 Nf6 7.
Nc3 O-O 8. Be2 Nxd4 9. Bxd4 d6 10. O-O Bd7 11. Rc1 Bc6 12. f3 a5 13. b3 Nd7 14. Bxg7 Kxg7 15. Qd4+ f6 16. Kh1 Nc5 17. f4 e5 18. fxe5 fxe5 19. Qe3 Rxf1+ 20. Rxf1 Ne6 21. Bg4 Nd4 22. Qg3 Qg5 23. h4 Qd2 24. Nd5 Bxd5 25. cxd5 Rf8 26. Rd1 Qf2 27. Kh2 Qxa2 28.
h5 Qxb3 29. Qh4 Qe3 30. Qe7+ Rf7 31. Qxd6 Qf4+ 32. g3 Qxg4 33. Qxe5+ Kh6 34. Qxd4 Qxh5+ 35.
Kg1 Qf3 36. Kh2 Qe2+ 37. Kh3 Rf2 38. Qxf2 Qxf2 39. d6 Qf3 40. Rd4 g5 41. d7 g4+ 42. Kh4 Qf6+ 43. Kxg4 Qxd4 44. d8=Q Qxd8 0-1

[Event "Late-Titled-Tuesday-Blitz-June-18-2024"]
[Site "Chess.com"]
[Date "2024.06.18"]
[Round "3"]
[White "Andrey-Ivanov2011"]
[Black "AlexanderMatlak"]
[Result "1-0"]
[WhiteElo "2157"]
[BlackElo "2463"]
[TimeControl "180+1"]
[EndTime "14:28:53 PDT"]
[Termination "Andrey-Ivanov2011 won by resignation"]

1. d4 Nf6 2. c4 c5 3. d5 e6 4. Nc3 exd5 5. cxd5 d6 6. e4 g6 7. Nf3 Bg7 8. Bd3 Bg4 9. h3 Bxf3 10. Qxf3 O-O 11. O-O a6 12. a4 Nbd7 13. Bf4 Qe7 14. Rfe1 Ne5 15. Bxe5 Qxe5 16. Rac1 Rab8 17. Rc2 Rfe8 18. Rce2 Qd4 19. Bb1 b5 20. axb5 axb5 21. Rd1 Qe5 22. Rde1 b4 23. Nd1 c4 24. Ne3 c3 25. Nc4 Qe7 26. e5 dxe5 27. Rxe5 Qd7 28. Rxe8+ Nxe8 29. bxc3 bxc3 30. Bc2 Nd6 31. Ne5 Bxe5 32.
Rxe5 Rb2 33. Qxc3 Qb7 34. Be4 Qb6 35. Qg3 Qd4 36. Bf3 Rb1+ 37. Kh2 Qa1 38. Qg5 h6 39. Qd8+ Kh7 40. Qxd6 Rh1+ 41. Kg3 Qd4 42. Qf6 1-0

[Event "Late-Titled-Tuesday-Blitz-June-18-2024"]
[Site "Chess.com"]
[Date "2024.06.18"]
[Round "3"]
[White "urano56"]
[Black "lucasran"]
[Result "0-1"]
[WhiteElo "2393"]
[BlackElo "2597"]
[TimeControl "180+1"]
[EndTime "14:28:55 PDT"]
[Termination "lucasran won by resignation"]

1. d4 Nf6 2. c4 e6 3. Nc3 Bb4 4. e3 b6 5. Bd3 Bb7 6. f3 c5 7. Ne2 cxd4 8. exd4 O-O 9. O-O d5 10. a3 Be7 11. Bg5 Nc6 12. Kh1 Rc8 13. Bxf6 Bxf6 14. cxd5 exd5 15. Bf5 Rc7 16. Qd3 g6 17. Bh3 Na5 18. Rac1 Nc4 19. Rc2 Re8 20. Nd1 Rce7 21. a4 Ne3 22. Nxe3 Rxe3 23. Qd1 Ba6 24. Ng3 Bxf1 25. Nxf1 Re1 26. Qd3 Qe7 27. Kg1 Bxd4+ 28. Kh1 Qe2 29. Qxe2 R8xe2 30. Rc8+ Kg7 31. g4 Rf2 32.
Rd8 Rexf1+ 33. Bxf1 Rxf1+ 34. Kg2 Rf2+ 35. Kg3 Rxb2 36. Rxd5 Bf2+ 37. Kh3 a5 38. g5 Rb4 39.
Kg2 Bc5 40. Kg3 Rxa4 41. h4 Rd4 42. Re5 Bd6 43. Kh3 Bxe5 0-1

[Event "Late-Titled-Tuesday-Blitz-June-18-2024"]
[Site "Chess.com"]
[Date "2024.06.18"]
[Round "3"]
[White "AsaHoffmann"]
[Black "AleksandraMilovic"]
[Result "1/2-1/2"]
[WhiteElo "2348"]
[BlackElo "2045"]
[TimeControl "180+1"]
[EndTime "14:28:56 PDT"]
[Termination "Game drawn - insufficient material"]

1. d4 d5 2. Bg5 f6 3. Bf4 c5 4. c3 Nc6 5. Nf3 Qb6 6. Qd2 cxd4 7.
cxd4 Bf5 8. Nc3 e6 9. e3 Bb4 10. Nh4 Nge7 11. Nxf5 Nxf5 12. Bd3 Nd6 13. O-O e5 14. dxe5 fxe5 15. Bg3 O-O 16. Rad1 d4 17. exd4 exd4 18. Qc2 dxc3 19. bxc3 Bc5 20. Bxh7+ Kh8 21. Bxd6 Bxf2+ 22. Rxf2 Qxf2+ 23. Qxf2 Rxf2 24. Kxf2 Kxh7 25. c4 Re8 26. c5 Re4 27. Rb1 Ra4 28. Rxb7 Rxa2+ 29.
Kg3 Nd4 30. Be5 Ne6 31. Re7 Nxc5 32. Rxg7+ Kh6 33. Rc7 Ne4+ 34. Kf4 Nf2 35. Rc6+ Kh7 36. Bd4 Nd3+ 37. Ke3 Ne1 38. Rc7+ Kh6 39. Rxa7 Rxa7 40. Bxa7 Nxg2+ 41. Kf3 Nh4+ 42. Kg4 Ng6 43. Bd4 Kh7 44.
Kg5 Nh8 45. h4 Ng6 46. h5 Nh8 47. Kf5 Nf7 48. Be3 Nh8 49. Kf6 Kg8 50. Bf4 Nf7 51.
Be5 Nxe5 52. Kxe5 Kh8 53. Kf6 Kg8 54. h6 Kh8 55. h7 Kxh7 1/2-1/2

[Event "Late-Titled-Tuesday-Blitz-June-18-2024"]
[Site "Chess.com"]
[Date "2024.06.18"]
[Round "3"]
[White "sammartin99"]
[Black "MarcoRiehle"]
[Result "1/2-1/2"]
[WhiteElo "2378"]
[BlackElo "2807"]
[TimeControl "180+1"]
[EndTime "14:28:57 PDT"]
[Termination "Game drawn by repetition"]

1. d4 d5 2. c4 e6 3. Nc3 c5 4. cxd5 cxd4 5. Qxd4 Nc6 6. Qd1 exd5 7.
Qxd5 Be6 8. Qg5 Nd4 9. Qd2 Nf6 10. e3 Nc6 11. Bb5 Bb4 12. Nge2 Qc7 13. O-O O-O 14.
a3 Bd6 15. h3 Rfd8 16. Qc2 a6 17. Bd3 Rac8 18. e4 b5 19. Bg5 b4 20. Bxf6 gxf6 21.
Nd5 Bxd5 22. exd5 Ne5 23. Qxc7 Rxc7 24. Be4 Rc4 25. f3 b3 26. Rac1 Rxc1 27. Rxc1 a5 28.
Nd4 a4 29. Nf5 Bf8 30. Kf1 h5 31. Ke2 Ng6 32. g3 h4 33. Nxh4 Nxh4 34. gxh4 f5 35.
Bxf5 Rxd5 36. Be4 Rd8 37. Rc4 Bh6 38. Bd3 Re8+ 39. Re4 Rxe4+ 40. fxe4 Bc1 41. Bb5 Bxb2 42. Bxa4 Bxa3 43. Bxb3 Kg7 44. Kf3 f6 45. Kg4 Bb2 46. Be6 Be5 47. Bd7 Kh8 48. Kh5 Kg7 49. Bf5 Bd4 50.
Kg4 Kh6 51. Be6 Be5 52. Bd5 Bd4 53. Be6 Be5 54. Bf5 Bd4 55. Be6 1/2-1/2

[Event "Late-Titled-Tuesday-Blitz-June-18-2024"]
[Site "Chess.com"]
[Date "2024.06.18"]
[Round "3"]
[White "Cxrjs"]
[Black "JanistanTV"]
[Result "1-0"]
[WhiteElo "2528"]
[BlackElo "2770"]
[TimeControl "180+1"]
[EndTime "14:28:57 PDT"]
[Termination "Cxrjs won on time"]

1. e4 e5 2. Nf3 Nc6 3. Bb5 a6 4. Ba4 Nf6 5. Qe2 b5 6. Bb3 Bc5 7. c3 O-O 8. O-O d5 9. d3 h6 10. Nbd2 Re8 11. h3 Bb7 12. Re1 d4 13. Nf1 Qd7 14. Ng3 Rad8 15. Rd1 dxc3 16. bxc3 b4 17.
cxb4 Bxb4 18. Nf5 Nd4 19. N3xd4 exd4 20. Qf3 Nxe4 21. Qg4 Bf8 22. dxe4 Rxe4 23. Nxh6+ Kh7 24. Qxd7 Rxd7 25. Nxf7 Kg6 26. Ng5 Re2 27. Bc4 d3 28.
Bxd3+ Rxd3 29. Rxd3 Re1+ 30. Kh2 Bd6+ 31. Rg3 Be5 32.
Nf3+ Bxg3+ 33. Kxg3 Bxf3 34. Kxf3 c5 35. Bb2 1-0

[Event "Late-Titled-Tuesday-Blitz-June-18-2024"]
[Site "Chess.com"]
[Date "2024.06.18"]
[Round "3"]
[White "carokannlover213"]
[Black "kleber2007"]
[Result "1-0"]
[WhiteElo "2685"]
[BlackElo "2478"]
[TimeControl "180+1"]
[EndTime "14:28:59 PDT"]
[Termination "carokannlover213 won by resignation"]

1. d4 Nf6 2. Nf3 g6 3. Nc3 d5 4. Bf4 Bg7 5. h4 c5 6. e3 cxd4 7. Nb5 Na6 8. exd4 O-O 9. c3 Bg4 10. Be2 Bxf3 11. Bxf3 h5 12. Qe2 Re8 13. O-O-O Qa5 14.
Kb1 Nd7 15. Bxd5 e5 16. Bg3 exd4 17. Bxf7+ Kxf7 18. Qc4+ Re6 19. Nxd4 Bxd4 20. Rxd4 Qf5+ 21. Ka1 Nf8 22. Rf4 Re8 23. Rxf5+ gxf5 24. a3 Kg6 25. Rd1 Nh7 26. Rd6 Rxd6 27. Bxd6 Nf6 28. f3 Nb8 29.
Bxb8 Rxb8 30. Qf4 Re8 31. Qg5+ Kf7 32. Qxf5 Re2 33. g4 1-0

[Event "Late-Titled-Tuesday-Blitz-June-18-2024"]
[Site "Chess.com"]
[Date "2024.06.18"]
[Round "3"]
[White "pirulillo"]
[Black "kinga2008"]
[Result "1-0"]
[WhiteElo "2400"]
[BlackElo "2566"]
[TimeControl "180+1"]
[EndTime "14:28:59 PDT"]
[Termination "pirulillo won by resignation"]

1. e4 c5 2. Nf3 Nc6 3. b4 cxb4 4. d4 d5 5. exd5 Qxd5 6. c4 Qe4+ 7. Be3 Bg4 8. Nbd2 Qg6 9. d5 Ne5 10. Qa4+ Bd7 11.
Qxb4 Nxf3+ 12. Nxf3 b6 13. Ne5 Qf6 14. Bd4 Qd6 15.
Qc3 e6 16. Nxd7 Qxd7 17. Bxg7 O-O-O 18. Bxh8 Qa4 19. Rb1 Qxa2 20. Qb3 Qa5+ 21. Bc3 Qc5 22.
Be2 exd5 23. cxd5 Re8 24. Kf1 Ne7 25. Qc4 Nxd5 26. Qxc5+ bxc5 27. Ba5 f5 28. h4 Bh6 29. Ba6+ Kd7 30. Bb5+ 1-0

[Event "Late-Titled-Tuesday-Blitz-June-18-2024"]
[Site "Chess.com"]
[Date "2024.06.18"]
[Round "3"]
[White "Flawless_Fighter"]
[Black "OverallStranger"]
[Result "0-1"]
[WhiteElo "2798"]
[BlackElo "2374"]
[TimeControl "180+1"]
[EndTime "14:29:00 PDT"]
[Termination "OverallStranger won by resignation"]

1. d4 Nf6 2. Nf3 e6 3. g3 c5 4. Bg2 cxd4 5. Nxd4 d5 6. O-O Be7 7. c4 O-O 8. Nc3 Nc6 9. cxd5 exd5 10. Bg5 Nxd4 11.
Qxd4 Be6 12. Qd3 h6 13. Bxf6 Bxf6 14. Nxd5 Bxd5 15. Bxd5 Bxb2 16. Rab1 Bf6 17. Rxb7 Qa5 18. Rxf7 Kh8 19. Bxa8 Rxf7 20. Qg6 Qxa2 21. Be4 Kg8 22. Qh5 Bg5 23. Rd1 Qa4 24. Rf1 Qxe4 25. e3 Qf3 26. Qg6 Bxe3 27. Qxh6 Bxh6 0-1

[Event "Late-Titled-Tuesday-Blitz-June-18-2024"]
[Site "Chess.com"]
[Date "2024.06.18"]
[Round "3"]
[White "sansanathalia"]
[Black "chess94cu"]
[Result "0-1"]
[WhiteElo "2435"]
[BlackElo "2626"]
[TimeControl "180+1"]
[EndTime "14:29:00 PDT"]
[Termination "chess94cu won by resignation"]

1. e4 Nf6 2. e5 Nd5 3. c4 Nb6 4. d4 d6 5. exd6 cxd6 6. Nc3 g6 7. Nf3 Bg7 8. Be2 O-O 9. O-O Bg4 10. Be3 Nc6 11. b3 e5 12. dxe5 dxe5 13. Rc1 f5 14.
Nd5 Bxf3 15. Bxf3 e4 16. Be2 Kh8 17. Nxb6 axb6 18. Qxd8 Rfxd8 19. a4 Nd4 20. Bxd4 Bxd4 21. Rfd1 Rd6 22. Kf1 Rad8 23. g3 Kg7 24. Rd2 Kf6 25.
Rcd1 Ke5 26. f4+ Kf6 27. Kg2 Ke7 28. Kf1 Bc5 29. Rxd6 Rxd6 30. Rxd6 Kxd6 31. h3 Be3 32. b4 Bd2 33. b5 Kc5 34. g4 Bxf4 35.
gxf5 gxf5 36. Bh5 Kxc4 37. Ke2 Bg5 38. Bf7+ Kd4 39. Be6 f4 40. Bc8 f3+ 41. Ke1 Bh4+ 0-1

[Event "Late-Titled-Tuesday-Blitz-June-18-2024"]
[Site "Chess.com"]
[Date "2024.06.18"]
[Round "3"]
[White "maracayo"]
[Black "KingCyber19"]
[Result "0-1"]
[WhiteElo "2427"]
[BlackElo "2619"]
[TimeControl "180+1"]
[EndTime "14:29:00 PDT"]
[Termination "KingCyber19 won by resignation"]

1. e4 e5 2. Nf3 Nc6 3. d3 Nf6 4. Be2 Bc5 5. O-O d6 6. h3 h6 7.
c3 a6 8. b4 Bb6 9. Nbd2 g5 10. Nc4 Ba7 11. Nh2 Be6 12. Ne3 Ne7 13.
Nhg4 Nxg4 14. Bxg4 Qd7 15. d4 O-O-O 16. d5 Bxg4 17. Qxg4 Rdf8 18. Qxd7+ Kxd7 19. c4 Bd4 20. Rb1 f5 21. exf5 Nxf5 22. Nxf5 Rxf5 23. Be3 Rhf8 24.
Bxd4 exd4 25. Rbd1 Rf4 26. Rd3 b5 27. cxb5 axb5 28.
f3 Ra8 29. a3 Rf5 30. Rxd4 Rxa3 31. Rc1 Re5 32. Rd2 Ree3 33. Rdc2 Ra7 34. Kf2 Rd3 35. Re1 Rxd5 36. Rce2 Rd4 37. Re7+ Kc6 38. Rh7 Rxb4 39. Rxh6 Rc4 40. Re2 b4 41. Rg6 Ra5 42. Rg7 b3 43. Rb2 Ra2 0-1

[Event "Late-Titled-Tuesday-Blitz-June-18-2024"]
[Site "Chess.com"]
[Date "2024.06.18"]
[Round "3"]
[White "teresin05"]
[Black "DishonorOnYourCow"]
[Result "0-1"]
[WhiteElo "2283"]
[BlackElo "2511"]
[TimeControl "180+1"]
[EndTime "14:29:00 PDT"]
[Termination "DishonorOnYourCow won by resignation"]

1. e4 c5 2. Nf3 d6 3. d4 cxd4 4.
Nxd4 Nf6 5. f3 e5 6. Nb3 a5 7.
Bb5+ Bd7 8. a4 d5 9. exd5 Bxb5 10. axb5 Nxd5 11. c4 Bb4+ 12. Bd2 Ne3 13. Qc1 Nxg2+ 14. Kf2 Nf4 15. Bxf4 exf4 16. Qxf4 O-O 17. Nc3 Qb6+ 18. Qe3 Qf6 19. Qd4 Qg6 20. Qe4 Qh6 21. Nd5 Nd7 22. Qf4 Qg6 23. Rhg1 Qc2+ 24. Kf1 Qxb3 25. Qd4 Qxf3+ 26.
Qf2 Qxf2+ 27. Kxf2 Bc5+ 28. Kg2 Bxg1 29. Kxg1 0-1

[Event "Late-Titled-Tuesday-Blitz-June-18-2024"]
[Site "Chess.com"]
[Date "2024.06.18"]
[Round "3"]
[White "Connectedcloud"]
[Black "Finejupiter"]
[Result "1-0"]
[WhiteElo "2349"]
[BlackElo "1902"]
[TimeControl "180+1"]
[EndTime "14:29:00 PDT"]
[Termination "Connectedcloud won by resignation"]

1. e4 c5 2. Nf3 a6 3. c4 Nc6 4. Nc3 d6 5. d4 cxd4 6. Nxd4 Nf6 7.
Be2 g6 8. Be3 Bg7 9. O-O O-O 10.
Rc1 Rb8 11. h3 Nxd4 12. Bxd4 Be6 13. b3 Qa5 14. Rc2 Rfc8 15. Qd2 h5 16. Nd5 Qxd2 17.
Nxf6+ Bxf6 18. Rxd2 Bxd4 19. Rxd4 b5 20. cxb5 axb5 21.
Rb4 Rc2 22. Rxb5 Rxb5 23. Bxb5 Rxa2 24. Rb1 Kg7 25. b4 Rd2 26. Bc6 Ba2 27. Ra1 Rb2 28.
b5 Bc4 29. Ra5 Kf6 30. Kh2 Ke5 31. b6+ Kf4 32. b7 Rxf2 33. b8=Q Bf1 34. e5 Rc2 35.
Qb4+ Rc4 36. Qd2+ Kf5 37. exd6+ 1-0

[Event "Late-Titled-Tuesday-Blitz-June-18-2024"]
[Site "Chess.com"]
[Date "2024.06.18"]
[Round "3"]
[White "Jarming"]
[Black "Mikhal867"]
[Result "1-0"]
[WhiteElo "2643"]
[BlackElo "2451"]
[TimeControl "180+1"]
[EndTime "14:29:01 PDT"]
[Termination "Jarming won by checkmate"]

1. d4 Nf6 2. c4 g6 3. Nc3 Bg7 4. g3 O-O 5. Bg2 d6 6. e3 Nbd7 7. Nge2 e5 8. h3 c6 9. O-O Re8 10. b3 e4 11. Ba3 d5 12. cxd5 cxd5 13. Nb5 Nb6 14. Rc1 a6 15. Nc7 Be6 16. Nxa8 Nxa8 17.
Qc2 g5 18. Nc3 Qd7 19. Kh2 h5 20. Na4 b6 21. Qe2 Qb7 22. Bd6 h4 23. Rc2 Bd7 24. Rfc1 Bb5 25. Qd1 Qd7 26. Be5 Nh7 27. Bxg7 Kxg7 28.
Nc3 Bd3 29. Rd2 hxg3+ 30. fxg3 Nf6 31. Rxd3 exd3 32. Qxd3 Rh8 33. Rf1 Nc7 34. Qf5 Ng4+ 35. Kg1 Qxf5 36. Rxf5 Nxe3 37. Rxg5+ Kf6 38. Re5 Nxg2 39.
Kxg2 Rd8 40. g4 b5 41. b4 Kg6 42. h4 f6 43. Re7 Ne8 44. h5+ Kg5 45. Kg3 f5 46.
Re5 Ng7 47. Nxd5 Rc8 48. Re7 f4+ 49. Kf3 Ne8 50. Re5+ Kh4 51. h6 Nd6 52. Rh5# 1-0

[Event "Late-Titled-Tuesday-Blitz-June-18-2024"]
[Site "Chess.com"]
[Date "2024.06.18"]
[Round "3"]
[White "ChessSG1"]
[Black "LUISMIGUELOV"]
[Result "0-1"]
[WhiteElo "2474"]
[BlackElo "2200"]
[TimeControl "180+1"]
[EndTime "14:29:01 PDT"]
[Termination "LUISMIGUELOV won by checkmate"]

1. c4 e6 2. g3 c6 3. Bg2 d5 4. Nf3 Nf6 5. O-O Bd6 6. b3 O-O 7. Bb2 Nbd7 8. d4 b6 9. Nbd2 a5 10. a3 Ba6 11. Ne5 Qc7 12. Rc1 Nxe5 13. dxe5 Bxe5 14.
Bxe5 Qxe5 15. Nf3 Qh5 16. cxd5 cxd5 17. h3 Rac8 18. g4 Qg6 19. Ne5 Qg5 20. f4 Qh4 21. Nc6 Ne4 22. g5 Kh8 23. Qd4 Ng3 24. Rfe1 Nxe2+ 25. Rxe2 Bxe2 26. Qxb6 Qxf4 27. Re1 Bf3 28. Rf1 Qd6 29. Rxf3 Qxc6 30. Qxa5 Qc1+ 31. Kh2 Qxg5 32.
Rf2 Qe5+ 33. Kg1 Rc1+ 34. Bf1 Qg3+ 35. Rg2 Qe3+ 36. Rf2 Rfc8 37. Qb4 Qg3+ 38. Rg2 Qe3+ 39. Rf2 Kg8 40. Qe7 Qg3+ 41. Rg2 Rxf1+ 42. Kxf1 Rc1+ 43.
Ke2 Qxg2+ 44. Kd3 Qe4+ 45. Kd2 Rc2+ 46. Kd1 Qe2# 0-1